 Dungeon Crawl Stone Soup version 0.29-a0-356-g7bc237e783 (webtiles) character file.

Game seed: 9932416817997291930

135 Hubjo the Magician (level 4, -2/25 (26) HPs)
             Began as a Deep Elf Fire Elementalist on Apr 26, 2022.
             Was a Follower of Zin.
             Killed by divine providence
             ... invoked by an orc priest
              (13 damage)
             ... on level 4 of the Dungeon.
             The game lasted 00:06:58 (4871 turns).

Hubjo the Magician (Deep Elf Fire Elementalist)     Turns: 4871, Time: 00:06:59

HP:   -2/25 (26)    AC: 10    Str: 10    XL:     4   Next: 97%
MP:   0/12          EV: 11    Int: 20    God:    Zin [*.....]
Gold: 75            SH:  0    Dex: 26    Spells: 10/11 levels left

rFire   . . .      SeeInvis .   f - +0 short sword
rCold   . . .      Faith    .   (no shield)
rNeg    . . .      Spirit   +   u - +5 ring mail "Yqar" {Str+5 Dex+3}
rPois   +          Reflect  .   (no helmet)
rElec   .          Harm     +   o - scarf {harm}
rCorr   .          Rampage  .   (no gloves)
Will    .....                   (no boots)
Stlth   +++.......              h - amulet of guardian spirit
HPRegen 0.08/turn               i - +6 ring of dexterity
MPRegen 0.13/turn               t - ring of poison resistance

@: about to teleport, lightly drained
A: no striking features
a: Renounce Religion, Recite, Donate Gold


You were on level 4 of the Dungeon.
You worshipped Zin.
Zin was aware of your devotion.
You visited 1 branch of the dungeon, and saw 4 of its levels.

You collected 83 gold pieces.
You donated 8 gold pieces to Zin.

Inventory:

Hand Weapons
 f - a +0 short sword (weapon)
 z - a +1 vampiric hand axe
Armour
 a - a +0 robe
 d - a +4 scale mail
 m - the +1 leather armour of Midwinter {rElec rPois Int-3 Stlth+}
   (You found it on level 3 of the Dungeon)

   Int:       It affects your intelligence (-3).
   rElec:     It insulates you from electricity.
   rPois:     It protects you from poison.
   Stlth:     It makes you more stealthy.
 o - a scarf of harm (worn)
 u - the +5 ring mail "Yqar" (worn) {Str+5 Dex+3}
   (You found it on level 3 of the Dungeon)

   Str:       It affects your strength (+5).
   Dex:       It affects your dexterity (+3).
Jewellery
 h - an amulet of guardian spirit (around neck)
 i - a +6 ring of dexterity (left hand)
 t - a ring of poison resistance (right hand)
Wands
 q - a wand of mindburst (16)
 s - a wand of iceblast (15)
Scrolls
 c - a scroll of enchant weapon
 k - a scroll of teleportation
 l - a scroll of fear {unknown}
 n - a scroll of blinking {unknown}
 p - a scroll of amnesia
 r - a scroll of magic mapping {unknown}
 v - a scroll of vulnerability {unknown}
 y - a scroll of silence {unknown}
 A - a scroll of fog {unknown}
Potions
 b - a potion of magic
 e - a potion of ambrosia {unknown}
 g - 2 potions of brilliance {unknown}
 j - 2 potions of curing {unknown}
 w - a potion of cancellation {unknown}
 x - a potion of lignification {unknown}


   Skills:
 * Level 2.1 Fighting
 - Level 2.4 Dodging
 + Level 3.8 Stealth
 + Level 4.0 Spellcasting
 - Level 1.1 Conjurations
 + Level 4.0 Fire Magic


You had 10 spell levels left.
You knew the following spells:

 Your Spells              Type           Power      Damage    Failure   Level
a - Foxfire               Conj/Fire      56%        2x1d6     12%         1

Your spell library contained the following spells:

 Spells                   Type           Power      Damage    Failure   Level
 Scorch                   Fire           40%        2d7       10%         2
 Magic Dart               Conj           32%        1d4       22%         1
 Freeze                   Ice            16%        1d4       32%         1
 Searing Ray              Conj           16%        2d5       32%         2
 Conjure Flame            Conj/Fire      14%        6-21      34%         3
 Inner Flame              Hex/Fire       12%        N/A       41%         3
 Frozen Ramparts          Ice            8%         1d2       69%         3
 Flame Wave               Conj/Fire      14%        2d6       75%         4
 Fulminant Prism          Conj/Hex       3%         3d6       95%         4
 Hailstorm                Conj/Ice       6%         3d4       95%         4


Dungeon Overview and Level Annotations

Branches:
Dungeon (4/15)
 Temple: D:4-7

Altars:
Zin

Shops:
D:3 *


Message History

You conjure some foxfire!
The foxfire hits the orc but does no damage.
The orc priest looks encouraged for a moment.
You conjure some foxfire!
The foxfire hits the orc.
The orc is heavily wounded.
An orc comes into view. It is wielding a +0 hand axe.
The orc closely misses you.
You hit the orc but do no damage.
The orc is heavily wounded.
Your foxfire dissipates!
The orc barely misses you.
Your magical contamination has completely faded away.
You hit the orc but do no damage.
The orc is heavily wounded.
The orc barely misses you.
You hit the orc but do no damage.
The orc is heavily wounded.
The orc hits you but does no damage.
You hit the orc but do no damage.
The orc is heavily wounded.
The orc barely misses you.
You barely miss the orc.
The orc is heavily wounded.
An orc comes into view. It is wielding a +0 mace.
The orc hits you but does no damage.
The orc priest hits you but does no damage.
You feel drained.
You hit the orc but do no damage.
The orc is heavily wounded.
The orc hits you with a +0 mace.
The orc priest calls down the wrath of Beogh upon you.
Pain shoots through your body!
As you read the scroll of teleportation, it crumbles to dust.
You feel strangely unstable. The orc closely misses you.
The orc priest invokes the aid of Beogh against you.
Pain shoots through your body!
The orc priest invokes the aid of Beogh against you.
Beogh smites you!
Ouch! That really hurt!
You die...

.. ..... #####.
##...### #.....
.#..... #.....#
.#....# #
...o.#.#....##.#
.....#......
#o.##.#..#
#######o##.#..#
........o@....#
#######..###..#
##.# #..# #..
#†.# ...##..#
....#..#
...#.#..#
...#.#..#
....#..


You could see an orc priest and 2 orcs.

Vanquished Creatures
  Ijyb (D:3)
  An adder (D:3)
  An ufetubus (D:3)
  3 worms
  A dart slug (D:2)
  3 orcs
  5 ball pythons
  6 bats
  4 endoplasms
  3 giant cockroaches
  11 goblins
  13 hobgoblins
  2 jackals (D:3)
  3 quokkas
  6 frilled lizards
  9 kobolds
  3 rats (D:1)
75 creatures vanquished.

Vanquished Creatures (collateral kills)
  11 foxfires (D:1)
11 creatures vanquished.

Vanquished Creatures (others)
  317 foxfires
  3 plants (D:1)
  4 toadstools (D:1)
324 creatures vanquished.

Grand Total: 410 creatures vanquished

Notes
Turn   | Place    | Note
-------+----------+-------------------------------------------
     0 | D:1      | Hubjo the Deep Elf Fire Elementalist began the quest for
                  | the Orb.
     0 | D:1      | Reached XP level 1. HP: 10/10 MP: 6/6
   288 | D:1      | Reached XP level 2. HP: 16/16 MP: 5/8
   434 | D:1      | Reached skill level 1 in Fighting
  1123 | D:1      | Reached XP level 3. HP: 20/20 MP: 3/9
  1438 | D:1      | Found a faded altar of an unknown god.
  1461 | D:1      | Prayed at the altar of an unknown god.
  1461 | D:1      | Became a worshipper of Zin the Law-Giver
  1461 | D:1      | Reached * piety under Zin
  3640 | D:3      | Identified the +1 leather armour of Midwinter {rElec rPois
                  | Int-3 Stlth+}
  3828 | D:3      | Noticed Ijyb
  3833 | D:3      | Reached XP level 4. HP: 25/25 MP: 3/11
  3837 | D:3      | Killed Ijyb
  3937 | D:3      | Found Yjetug's Assorted Antiques.
  4001 | D:3      | Identified the +5 ring mail "Yqar" {Str+5 Dex+3}
  4871 | D:4      | Killed from afar by an orc priest

Illustrated notes

Levels and vault maps discovered:
D:1:      ldierk_water_garden, layout_basic,
          shapermc_ecumenical_altar_mp_ritualfount, minmay_pentomino_x4
D:2:      layout_basic, minmay_misc_feat_room, st_stairs_4, dk_noncrumbling_4
D:3:      kennysheep_the_goblin_king, layout_basic, serial_shops, shop,
          kennysheep_generic_room_2
D:4:      layout_basic, minmay_temple_entry_waves, guppyfry_early_orc_mine,
          uniq_duvessa, uniq_grinder

Skill      XL: |  1  2  3  4 |
---------------+-------------+-----
Fighting       | 1 2 |  2.1
Stealth        | 3 |  3.8
Spellcasting   | 4 |  4.0
Fire Magic     | 4 |  4.0
Dodging        | |  2.4
Conjurations   | |  1.1

Action                   |  1- 3 |  4- 6 || total
-------------------------+-------+-------++-------
Melee: Short sword       |    20 |    32 ||    52
       Punch             |     1 |     1 ||     2
 Cast: Foxfire           |   161 |    50 ||   211
  Use: Scroll            |     2 |     2 ||     4
 Stab: Sleeping          |     1 |       ||     1
Armor: Ring mail         |       |    10 ||    10
       Leather armour    |       |     3 ||     3
Dodge: Dodged            |    13 |    22 ||    35

Table legend: (Time is in decaauts)
 A = Elapsed time spent in this place.
 B = Non-inter-level travel time spent in this place.
 C = Inter-level travel time spent in this place.
 D = Time resting spent in this place.
 E = Time spent auto-exploring this place.
 F = Levels seen in this place.
 G = Mean time per level.
                   A        B        C        D        E       F      G
               +--------+--------+--------+--------+--------+-----+--------+
         Total |   4878 |   4805 |     73 |      0 |   4079 |   4 | 1219.5 |
       Dungeon |   4878 |   4805 |     73 |      0 |   4079 |   4 | 1219.5 |
               +--------+--------+--------+--------+--------+-----+--------+

Top non-repeatable levels by time:
     D:1: 2066 daAuts
     D:2: 1429 daAuts
     D:3: 1293 daAuts
     D:4: 88 daAuts
